AoeStats
← The_Idiot

Arabia

503297014Analyzed
2v2 RM · 1mo ago on Aug 31, 2026· 18m 18s· 4 players
Game mode
Random Map
Map size
Medium (4 player)
Population
200
Speed
Normal
Resources
Standard
Victory
Conquest
Starting age
Dark Age
Ending age
Imperial Age
RankedLock teamsTeams togetherTeam positionsShared explorationLock speedFull tech treeHidden civsTurbo modeCheats
Victory
Defeat
🇨🇱 Mongols · Chile
1268
+15
🇨🇱 Magyars · Chile
1220
+17
🇺🇸 Goths · United States
1250
-16
🇺🇸 Goths · United States
1248
-16
thrud
8:15 Loom
10:00 Feudal Age
15:07 Bloodlines
Nemecek
6:35 Loom
9:01 Feudal Age
9:36 Double-Bit Axe
11:12 Padded Archer Armor
11:31 Fletching
THETRUEIDIOT
1:18 Loom
10:34 Feudal Age
10:47 Man-at-Arms
11:12 Horse Collar
11:38 Double-Bit Axe
17:27 Wheelbarrow
17:56 Fletching
The_Idiot
0:52 Loom
10:30 Feudal Age
10:34 Man-at-Arms
11:00 Double-Bit Axe
Connection lost

Rejoining the realm…

Still unreachable

The connection could not be restored.

Session expired

The server has moved on; the page needs a fresh start.